 Dungeon Crawl Stone Soup version 0.31-a0-925-g0a390f2509 (webtiles) character file.

Game seed: 15765982738567614865

41 linos100 the Conjurer (level 3, 0/24 HPs)
             Began as a Human Conjurer on Oct 18, 2023.
             Was a Follower of Vehumet.
             Slain by a scorpion (5 damage)
             ... on level 3 of the Dungeon on Oct 19, 2023.
             The game lasted 00:22:14 (1766 turns).

linos100 the Conjurer (Human Conjurer)              Turns: 1766, Time: 00:22:15

Health: 0/24       AC:  2    Str:  7    XL:     3   Next: 75%
Magic:  6/6        EV: 12    Int: 20    God:    Vehumet [*.....]
Gold:   56         SH:  0    Dex: 11    Spells: 5/6 levels left

rFire   . . .        f - +2 short sword (venom)
rCold   . . .        (no shield)
rNeg    . . .        a - +0 robe
rPois   +            (no helmet)
rElec   .            m - scarf {repulsion}
rCorr   .            (no gloves)
SInv    .            (no boots)
Will    .....        (no amulet)
Stlth   ++           g - ring of poison resistance
HPRegen 0.24/turn    (no ring)
MPRegen 0.10/turn

%: repel missiles
@: lethally poisoned (0 -> -2)
A: no striking features
a: Renounce Religion


You were on level 3 of the Dungeon.
You worshipped Vehumet.
Vehumet was aware of your devotion.
You visited 1 branch of the dungeon, and saw 3 of its levels.

You collected 56 gold pieces.

Inventory:

Hand Weapons
 c - a +0 short sword
 f - a +2 short sword of venom (weapon)
Armour
 a - a +0 robe (worn)
 m - a scarf of repulsion (worn)
Jewellery
 g - a ring of poison resistance (left hand)
 p - a ring of fire
Scrolls
 d - 4 scrolls of poison
 e - 2 scrolls of teleportation {unknown}
 j - a scroll of enchant armour {unknown}
 k - a scroll of torment {unknown}
 l - 2 scrolls of identify {unknown}
 n - a scroll of blinking {unknown}
 o - a scroll of summoning {unknown}
 q - a scroll of vulnerability {unknown}
Potions
 h - a potion of enlightenment {unknown}
 i - 2 potions of might
 r - a potion of berserk rage {unknown}


   Skills:
 + Level 2.0 Dodging
 + Level 2.3 Stealth
 + Level 2.3 Spellcasting
 + Level 4.8 Conjurations


You had 5 spell levels left.
You knew the following spells:

 Your Spells              Type           Power      Damage    Failure   Level
a - Magic Dart            Conj           84%        1d7       1%          1

Your spell library contained the following spells:

 Spells                   Type           Power      Damage    Failure   Level
 Kiss of Death            Conj/Necr      44%        2d8       6%          1
 Searing Ray              Conj           42%        2d6       3%          2
 Dazzling Flash           Conj/Hex       22%        N/A       17%         3
 Fulminant Prism          Conj/Hex       5%         3d7       50%         4
 Iskenderun's Mystic Bla  Conj/Tloc      11%        2d4       50%         4


Dungeon Overview and Level Annotations

Branches:
Dungeon (3/15)

Altars:
Vehumet

Shops:
D:1 *


Message History

The scorpion is severely wounded.
Casting: Magic Dart (safe; 1% risk of failure)
Confirm with . or Enter, or press ? or * to list all spells.
Aiming: Magic Dart (safe; 1% risk of failure)
Press: ? - help, Shift-Dir - straight line, f/p - scorpion
Aim: a scorpion (severely wounded, 100% to hit)
The magic dart hits the scorpion but does no damage.
The scorpion is severely wounded.
The scorpion stings you.
Casting: Magic Dart (safe; 1% risk of failure)
Confirm with . or Enter, or press ? or * to list all spells.
Aiming: Magic Dart (safe; 1% risk of failure)
Press: ? - help, Shift-Dir - straight line, f/p - scorpion
Aim: a scorpion (severely wounded, 100% to hit)
The magic dart hits the scorpion.
The scorpion is severely wounded.
The scorpion stings you.
You are poisoned.
The scorpion poisons you!
Casting: Magic Dart (safe; 1% risk of failure)
Confirm with . or Enter, or press ? or * to list all spells.
Aiming: Magic Dart (safe; 1% risk of failure)
Press: ? - help, Shift-Dir - straight line, f/p - scorpion
Aim: a scorpion (severely wounded, 100% to hit)
The magic dart hits the scorpion.
The scorpion is almost dead.
You feel sick. The scorpion closely misses you.
You closely miss the scorpion.
The scorpion is almost dead.
You feel sick. The scorpion barely misses you.
You barely miss the scorpion.
The scorpion is almost dead.
You feel sick. The scorpion closely misses you. The scorpion stings you.
g - a ring of poison resistance (left hand)
You closely miss the scorpion.
The scorpion is almost dead.
You feel sick. The scorpion stings you.
* * * LOW HITPOINT WARNING * * *
Magic courses through your body.
You feel sick. The scorpion stings you.
You die...

.. . #.#. #...
#..# #..# #
######..# .#
#......s######.#
#......@'......#
#.......##.....#
#.......##.....#
######+###.###.#
#.###.....#
#....###..#
####.###..#
#......#
#.####.#


You could see a scorpion.

Vanquished Creatures
  An adder (D:3)
  A dart slug (D:1)
  2 bats (D:2)
  2 giant cockroaches
  2 goblins
  5 hobgoblins
  2 quokkas (D:1)
  2 ball pythons (D:1)
  4 frilled lizards
  A kobold (D:1)
  8 rats
30 creatures vanquished.

Notes
Turn   | Place    | Note
-------+----------+-------------------------------------------
     0 | D:1      | linos100 the Human Conjurer began the quest for the Orb.
     0 | D:1      | Reached XP level 1. HP: 13/13 MP: 3/3
   221 | D:1      | Found a faded altar of an unknown god.
   250 | D:1      | Prayed at the altar of an unknown god.
   250 | D:1      | Became a worshipper of Vehumet
   250 | D:1      | Reached * piety under Vehumet
   250 | D:1      | Offered knowledge of Kiss of Death by Vehumet.
   258 | D:1      | Reached XP level 2. HP: 19/19 MP: 0/5
   715 | D:1      | Found Dyaq's General Store.
   959 | D:1      | Reached XP level 3. HP: 24/24 MP: 4/6
  1755 | D:3      | Noticed a scorpion
  1766 | D:3      | Slain by a scorpion

Illustrated notes

Levels and vault maps discovered:
D:1:      mrwooster_arrival_arrow, layout_loops_ring,
          shapermc_ecumenical_altar_flowoftime, serial_shops, shop,
          nicolae_the_louvre
D:2:      layout_basic
D:3:      layout_basic, uniq_ijyb

Action                     || total
---------------------------++-------
  Melee: Short sword       ||    26
   Cast: Magic Dart        ||    55
    Use: Scroll            ||     1
         Potion            ||     2
 Armour: Robe              ||    10
  Dodge: Dodged            ||    10

Table legend: (Time is in decaauts)
 A = Elapsed time spent in this place.
 B = Non-inter-level travel time spent in this place.
 C = Inter-level travel time spent in this place.
 D = Time resting spent in this place.
 E = Time spent auto-exploring this place.
 F = Levels seen in this place.
 G = Mean time per level.
                   A        B        C        D        E       F      G
               +--------+--------+--------+--------+--------+-----+--------+
         Total |   1765 |    895 |    870 |      0 |      0 |   3 |  588.3 |
       Dungeon |   1765 |    895 |    870 |      0 |      0 |   3 |  588.3 |
               +--------+--------+--------+--------+--------+-----+--------+

Top non-repeatable levels by time:
     D:1: 1176 daAuts
     D:2: 496 daAuts
     D:3: 92 daAuts
